 Dungeon Crawl Stone Soup version 0.22-a0-253-gf9d0ce5 (webtiles) character file.

22 Zwobot the Gusty (level 2, 16/16 HPs)
             Began as a Tengu Air Elementalist on Mar 2, 2018.
             Quit the game on level 1 of the Dungeon on Mar 3, 2018.
             The game lasted 00:03:54 (861 turns).

Zwobot the Gusty (Tengu Air Elementalist)            Turns: 861, Time: 00:03:54

Health: 16/16      AC:  2    Str:  8    XL:     2   Next: 91%
Magic:  6/6        EV: 13    Int: 15    God:
Gold:   27         SH:  0    Dex: 14    Spells: 4/5 levels left

rFire    . . .     SeeInvis .   b - +0 dagger
rCold    . . .     Gourm    .   (no shield)
rNeg     . . .     Faith    .   a - +0 robe
rPois    .         Spirit   .   (helmet restricted)
rElec    .         Reflect  .   (no cloak)
rCorr    .         Harm     .   (no gloves)
MR       .....                  (boots unavailable)
Stlth    ++........             (no amulet)
HPRegen  0.05/turn              (no ring)
MPRegen  0.10/turn              (no ring)

@: no status effects
A: beak, talons 3
a: no special abilities


You were on level 1 of the Dungeon.
You were not hungry.

You visited 1 branch of the dungeon, and saw 1 of its levels.

You collected 27 gold pieces.

Inventory:

Hand Weapons
 b - a +0 dagger (weapon)
Armour
 a - a +0 robe (worn)
 h - a +0 ring mail
Scrolls
 d - a scroll of enchant weapon {unknown}
 e - a scroll of teleportation {unknown}
 g - a scroll of blinking {unknown}
Comestibles
 c - 4 rations
 f - 3 chunks of flesh


   Skills:
 + Level 0.4 Fighting
 + Level 2.4 Dodging
 - Level 2.0 Stealth
 + Level 2.1 Spellcasting
 * Level 2.4 Conjurations
 * Level 4.4 Air Magic


You had 4 spell levels left.
You knew the following spells:

 Your Spells              Type           Power        Failure   Level  Hunger
a - Shock                 Conj/Air       ##..         5%          1    #......


Dungeon Overview and Level Annotations

Branches:
Dungeon (1/15)

Altars:


Innate Abilities, Weirdness & Mutations

You have a beak for a mouth.
You have claws for feet.


Message History

Casting: Shock (safe; 5% risk of failure)
Confirm with . or Enter, or press ? or * to list all spells.
Aiming: Shock (safe; 5% risk of failure)
Press: ? - help, Shift-Dir - straight line, f - rat
Aim: a rat (resting)
The zap hits the rat.
You kill the rat!
You are feeling hungry.
Eat one of 3 chunks of flesh? (ye/n/q)
You eat one of the 3 chunks of flesh.
This raw flesh tastes terrible.
You see here a rat corpse.
You butcher the rat corpse.
f - 3 chunks of flesh (gained 1)
You see here a rat skeleton.
You see here a ring mail.
h - a ring mail
Okay, then.
Welcome back, Zwobot the Tengu Air Elementalist.
Press ? for a list of commands and other information.
Are you sure you want to abandon this character and quit the game? (Confirm with "yes".)

...... >.....
...... ### ......
##.. ...... #..
...... #.# ###.#
####.# #.# ##..÷@#
#.# ####..#### #.#
#....## ##÷# #.####
#..# #.# #.## #.#
#####.## #.#
##.....#( #.#
##..###... #.##
##########..###....


There were no monsters in sight!

Vanquished Creatures
  A leopard gecko (D:1)
  A giant cockroach (D:1)
  A goblin (D:1)
  5 hobgoblins (D:1)
  3 jackals (D:1)
  A bat (D:1)
  A frilled lizard (D:1)
  2 kobolds (D:1)
  4 rats (D:1)
19 creatures vanquished.

Notes
Turn   | Place    | Note
-------+----------+-------------------------------------------
     0 | D:1      | Zwobot the Tengu Air Elementalist began the quest for the Orb.
     0 | D:1      | Reached XP level 1. HP: 10/10 MP: 4/4
   371 | D:1      | Reached XP level 2. HP: 15/15 MP: 4/6
   861 | D:1      | Upgraded the game from 0.22-a0-252-gcace5d2 to 0.22-a0-253-gf9d0ce5
   861 | D:1      | Quit the game

Vault maps used:
D:1:      minmay_arrival_jagged

Skill      XL: |  1  2 |
---------------+-------+-----
Conjurations   | 2 |  2.4
Fighting       | |  0.4
Dodging        | |  2.4
Stealth        | |  2.0
Spellcasting   | |  2.1
Air Magic      | |  4.4

Action                   || total
-------------------------++-------
Melee: Dagger            ||     1
 Cast: Shock             ||    42
  Eat: Chunk             ||     1
Armor: Robe              ||     1
Dodge: Dodged            ||    11

Table legend:
 A = Spawn XP
 B = Non-spawn XP
 C = Spawn XP percentage of total XP
 D = Spawn monster count
 E = Non-spawn monster count
 F = Spawn count percentage of total count
 G = Total turns spent on level
                    A         B        C        D         E        F      G
               +---------+---------+-------+---------+---------+-------+---------
         Total |       0 |      32 |   0.0 |       0 |      19 |   0.0 |   861
               +---------+---------+-------+---------+---------+-------+---------
           D:1 |       0 |      32 |   0.0 |       0 |      19 |   0.0 |   861
               +---------+---------+-------+---------+---------+-------+---------
